 Dungeon Crawl Stone Soup version 0.23-a0-449-g8e4cbf7 (webtiles) character file.

175 Lavandula the Gusty (level 5, -7/42 HPs)
             Began as a Naga Air Elementalist on Nov 22, 2018.
             Mangled by an ogre
             ... wielding a +0 giant spiked club
              (28 damage)
             ... on level 4 of the Dungeon.
             The game lasted 00:05:27 (1067 turns).

Lavandula the Gusty (Naga Air Elementalist)         Turns: 1067, Time: 00:05:27

Health: -7/42      AC:  2    Str: 10    XL:     5   Next: 55%
Magic:  6/11       EV: 10    Int: 16    God:
Gold:   35         SH:  0    Dex: 12    Spells: 2/12 levels left

rFire    . . .     SeeInvis +   k - +2 dagger (venom)
rCold    . . .     Gourm    .   (no shield)
rNeg     . . .     Faith    .   a - +0 robe
rPois    +         Spirit   .   (no helmet)
rElec    .         Reflect  .   (no cloak)
rCorr    .         Harm     .   (no gloves)
MR       .....                  (no barding)
Stlth    ++........             (no amulet)
HPRegen  0.14/turn              (no ring)
MPRegen  0.12/turn              (no ring)

@: very slow
A: large, see invisible, deformed body, poison resistance, slowness 2, slow
metabolism 1, spit poison 1, AC +1
a: Spit Poison


You were on level 4 of the Dungeon.
You were not hungry.

You visited 1 branch of the dungeon, and saw 4 of its levels.

You collected 35 gold pieces.

Inventory:

Hand Weapons
 g - a +5 dagger of protection
 k - a +2 dagger of venom (weapon)
Missiles
 d - 2 javelins (quivered)
 l - 4 tomahawks
Armour
 a - a +0 robe (worn)
Scrolls
 b - a scroll of teleportation
 e - a scroll of noise {unknown}
 f - a scroll of identify
Comestibles
 c - 9 rations


   Skills:
 - Level 1.5 Dodging
 - Level 3.0 Stealth
 - Level 4.1 Spellcasting
 - Level 1.0 Conjurations
 + Level 4.5 Air Magic


You had 2 spell levels left.
You knew the following spells:

 Your Spells              Type           Power        Failure   Level  Hunger
a - Shock                 Conj/Air       ##..         5%          1    None
b - Swiftness             Chrm/Air       ##......     10%         2    ##.....
c - Static Discharge      Conj/Air       ##......     16%         3    ###....
d - Airstrike             Air            ###.......   26%         4    ####...

Your spell library contained the following spells:

 Spells                   Type           Power        Failure   Level  Hunger
 Lightning Bolt           Conj/Air       ##........   83%         5    ######.


Dungeon Overview and Level Annotations

Branches:
Dungeon (4/15)
 Temple: D:4-7

Altars:


Innate Abilities, Weirdness & Mutations

You cannot wear boots.
Your serpentine skin is tough. (AC +1)
You have supernaturally acute eyesight. (SInv)
Armour fits poorly on your strangely shaped body.
Your system is resistant to poisons. (rPois)
You cover ground very slowly.
You have a slow metabolism.
You can spit poison.


Message History

Confirm with . or Enter, or press ? or * to list all spells.
Aiming: Shock (safe; 5% risk of failure)
Press: ? - help, Shift-Dir - straight line The zap misses the ogre.
The zap hits the ogre.
The ogre is heavily wounded.
The zap misses the bullfrog skeleton.
Casting: Shock (safe; 5% risk of failure)
Confirm with . or Enter, or press ? or * to list all spells.
Aiming: Shock (safe; 5% risk of failure)
Press: ? - help, Shift-Dir - straight line The zap hits the ogre.
The ogre is heavily wounded.
The zap hits the ogre.
The ogre is severely wounded.
The zap hits the bullfrog skeleton.
The bullfrog skeleton is moderately damaged.
You have got your breath back.
The ogre hits you with a +0 giant spiked club!!
Ouch! That really hurt!
You die...

#######
#....<#
##.
#.#####
.....###@#
......ZO.#
..#..###.#
# ###


You could see an ogre and a bullfrog skeleton.

Vanquished Creatures
  A centaur (D:3)
  4 gnolls (D:3)
  An adder (D:2)
  3 worms (D:2)
  2 leopard geckos
  4 bats
  A giant cockroach (D:2)
  7 goblins
  3 hobgoblins
  4 jackals (D:2)
  A frilled lizard (D:2)
  5 kobolds
  2 rats (D:1)
38 creatures vanquished.

Notes
Turn   | Place    | Note
-------+----------+-------------------------------------------
     0 | D:1      | Lavandula the Naga Air Elementalist began the quest for the
                  | Orb.
     0 | D:1      | Reached XP level 1. HP: 15/15 MP: 3/3
   142 | D:2      | Reached XP level 2. HP: 22/22 MP: 0/5
   304 | D:2      | Reached XP level 3. HP: 15/28 MP: 1/7
   594 | D:3      | Reached XP level 4. HP: 16/36 MP: 0/8
   772 | D:3      | Learned a level 2 spell: Swiftness
   776 | D:3      | Learned a level 3 spell: Static Discharge
   778 | D:3      | Noticed a centaur
   793 | D:3      | Killed a centaur
   793 | D:3      | Reached XP level 5. HP: 5/42 MP: 1/11
   912 | D:4      | Learned a level 4 spell: Airstrike
   917 | D:4      | Noticed an ogre
  1067 | D:4      | Mangled by an ogre

Vault maps used:
D:1:      grunt_arrival_lava_bath, minmay_ruptured
D:2:      serial_park_tiny_1
D:4:      minmay_temple_entry_statues_fountains, first_ration

Skill      XL: |  1  2  3  4 |
---------------+-------------+-----
Spellcasting   | 3 4 |  4.1
Air Magic      | 4 |  4.5
Dodging        | |  1.5
Stealth        | |  3.0
Conjurations   | |  1.0

Action                   |  1- 3 |  4- 6 || total
-------------------------+-------+-------++-------
Melee: Dagger            |    11 |     5 ||    16
 Cast: Shock             |    31 |    20 ||    51
 Abil: Spit Poison       |    13 |     7 ||    20
  Use: Scroll            |       |     4 ||     4
       Potion            |       |     2 ||     2
 Stab: Sleeping          |     1 |     1 ||     2
  Eat: Chunk             |       |     1 ||     1
Armor: Robe              |     2 |     6 ||     8
       Skin              |       |     8 ||     8
Dodge: Dodged            |    13 |     6 ||    19

Table legend:
 A = Non-vault XP
 B = Vault XP
 C = Vault XP percentage of total XP
 D = Non-vault monster count
 E = Vault monster count
 F = Vault count percentage of total count
                 A         B        C        D         E       F
            +---------+---------+-------+---------+---------+-------
      Total |     251 |       0 |   0.0 |      38 |       0 |   0.0
            +---------+---------+-------+---------+---------+-------
        D:1 |       5 |       0 |   0.0 |       4 |       0 |   0.0
        D:2 |      55 |       0 |   0.0 |      20 |       0 |   0.0
        D:3 |     191 |       0 |   0.0 |      14 |       0 |   0.0
            +---------+---------+-------+---------+---------+-------
